 Dungeon Crawl Stone Soup version 0.23.0-41-g86b089e62c (webtiles) character file.

Game seed: 3662623839911326483

1627 LucaMisel the Chopper (level 8, -1/44 HPs)
             Began as a Tengu Berserker on Feb 12, 2019.
             Was an Elder of Trog.
             Slain by a hippogriff (5 damage)
             ... on level 6 of the Dungeon on Feb 28, 2019.
             The game lasted 00:48:47 (5241 turns).

LucaMisel the Chopper (Tengu Berserker)             Turns: 5241, Time: 00:48:47

Health: -1/44      AC:  3    Str: 19    XL:     8   Next: 97%
Magic:  9/9        EV: 29    Int:  8    God:    Trog [****..]
Gold:   205        SH:  0    Dex: 14    Spells: 7/7 levels left

rFire    . . .     SeeInvis +   x - +2 hand axe (elec)
rCold    . . .     Gourm    .   (no shield)
rNeg     . . .     Faith    .   b - +0 animal skin
rPois    .         Spirit   .   (helmet restricted)
rElec    .         Reflect  .   l - +0 cloak
rCorr    .         Harm     .   (no gloves)
MR       .....                  (boots unavailable)
Stlth    ++........             y - amulet of the acrobat
HPRegen  0.14/turn              k - ring of see invisible
MPRegen  0.11/turn              (no ring)

@: about to teleport, acrobat
A: beak, talons 3, frail 1, able to fly, sturdy frame 1
a: Fly, Berserk, Trog's Hand, Brothers in Arms, Renounce Religion


You were on level 6 of the Dungeon.
You worshipped Trog.
Trog was greatly pleased with you.
You were hungry.

You visited 2 branches of the dungeon, and saw 8 of its levels.

You collected 337 gold pieces.
You spent 132 gold pieces at shops.

Inventory:

Hand Weapons
 a - a +0 falchion
 h - a +0 whip
 i - a +0 mace
 m - a -2 short sword
 p - a +0 falchion of protection
 q - a +0 long sword
 t - a +0 spear
 v - a +3 dagger
 x - a +2 hand axe of electrocution (weapon)
Missiles
 e - 174 stones (quivered)
 f - 19 poisoned needles
 s - 17 bolts
 w - 33 sling bullets
Armour
 b - a +0 animal skin (worn)
 d - a +0 leather armour
 j - a +0 leather armour
 l - a +0 cloak (worn)
 o - a +0 ring mail
 r - a +0 leather armour
 u - a +2 scale mail of magic resistance
 I - a +0 chain mail
 J - a +0 ring mail
Jewellery
 k - a ring of see invisible (left hand)
 y - an amulet of the acrobat (around neck)
 A - a cursed amulet of inaccuracy {unknown}
Wands
 K - a wand of paralysis (8)
Scrolls
 g - 2 scrolls of remove curse
 n - a scroll of enchant armour
 B - 2 scrolls of identify
 D - 2 scrolls of magic mapping
 E - a scroll of random uselessness {unknown}
 G - a scroll of fear {unknown}
Potions
 z - a potion of heal wounds {unknown}
 F - a potion of agility
Comestibles
 c - 8 rations


   Skills:
 + Level 5.1 Fighting
 + Level 6.4 Long Blades
 + Level 6.7 Axes
 + Level 4.6 Armour
 + Level 4.5 Dodging
 + Level 3.1 Stealth


You had 7 spell levels left.
You didn't know any spells.
Your spell library contained the following spells:

 Spells                   Type           Power        Failure   Level  Hunger
 Confusing Touch          Hex            #.....       41%         1    ##.....
 Freeze                   Ice            #...         41%         1    ##.....
 Throw Frost              Conj/Ice       #.....       54%         2    ###....
 Confuse                  Hex            #.......     78%         3    ####...
 Gell's Gravitas          Tloc           #.........   78%         3    ####...
 Ozocubu's Armour         Chrm/Ice       #.......     78%         3    ####...
 Petrify                  Tmut/Erth      #.......     99%         4    #####..
 Summon Ice Beast         Ice/Summ       #.......     99%         4    #####..
 Throw Icicle             Conj/Ice       #.......     99%         4    #####..
 Metabolic Englaciation   Hex/Ice        #.........   100%        5    ######.
 Yara's Violent Unravell  Hex/Tmut       #.........   100%        5    ######.


Dungeon Overview and Level Annotations

Branches:
Dungeon (7/15)             Temple (1/1) D:5

Altars:
Cheibriados
Dithmenos
Elyvilon
Fedhas
Gozag
Hepliaklqana
Kikubaaqudgha
Makhleb
Okawaru
Qazlal
Ru
Sif Muna
Trog
Uskayaw
Vehumet
Zin
The Shining One

Shops:
D:4 (   D:5 (

Annotations:
D:5 exclusion: oklob plant


Innate Abilities, Weirdness & Mutations

You have a beak for a mouth.
You have claws for feet.
You can fly continuously.
You are frail. (-10% HP)
Your movements are slightly less encumbered by armour. (ER -2)


Message History

The centaur shoots an arrow.
The arrow completely misses you.
The centaur shoots an arrow.
The arrow completely misses you. The hippogriff misses you.
The hippogriff completely misses you. The hippogriff barely misses you.
The centaur skeleton misses you.
The centaur skeleton completely misses you.
There is a stone staircase leading up here.
The hippogriff bites you. The hippogriff pecks you!
* * * LOW HITPOINT WARNING * * *
The hippogriff claws you.
* * * LOW HITPOINT WARNING * * *
The centaur skeleton closely misses you.
You climb upwards.
There is a stone staircase leading down here.
As you read the scroll of teleportation, it crumbles to dust.
You feel strangely unstable.
The hippogriff bites you but does no damage.
The hippogriff misses you. x2
The hippogriff closely misses you. The hippogriff pecks you.
You die...

.....# ##..## >....#
##..## ....## ##..##
..<## #...# ..## #...#
..## #...##
...#####....###########
.....##..........H....##
................@>.....##
##......................#
####..................##
##..........#####..##
###...###### ###.# #####
### #####


You could see a hippogriff.

Vanquished Creatures
  Sigmund (D:6)
  Menkaure (D:4)
  Duvessa (D:6)
  A sky beast (D:6)
  An ogre (D:4)
  Dowan (D:6)
  A howler monkey (D:6)
  3 crimson imps
  A centaur zombie (D:5)
  A quasit (D:6)
  A centaur skeleton (D:4)
  2 hounds
  A bullfrog skeleton (D:5)
  2 orc priests (D:4)
  An iguana (D:4)
  8 orc wizards
  5 worker ants
  A hound skeleton (D:4)
  A worker ant zombie (D:6)
  A gnoll (D:1)
  A howler monkey skeleton (D:5)
  12 adders
  A shadow imp (D:5)
  2 dart slugs
  4 worms
  3 leopard geckos
  23 orcs
  A giant cockroach (D:1)
  7 goblins
  7 hobgoblins
  11 jackals
  6 quokkas
  A ball python (D:2)
  A ball python skeleton (D:4)
  11 bats
  3 frilled lizards
  A jackal zombie (D:5)
  6 kobolds
  A leopard gecko zombie (D:5)
  10 rats
147 creatures vanquished.

Notes
Turn   | Place    | Note
-------+----------+-------------------------------------------
     0 | D:1      | LucaMisel the Tengu Berserker began the quest for the Orb.
     0 | D:1      | Reached XP level 1. HP: 14/14 MP: 2/2
   225 | D:1      | Reached XP level 2. HP: 19/19 MP: 3/3
   262 | D:1      | Reached XP level 3. HP: 22/23 MP: 4/4
   446 | D:1      | Reached ** piety under Trog
  1077 | D:2      | Reached XP level 4. HP: 8/28 MP: 5/5
  1421 | D:2      | Gained mutation: You are frail. (-10% HP) [potion of
                  | mutation]
  1421 | D:2      | Gained mutation: Your movements are slightly less
                  | encumbered by armour. (ER -2) [potion of mutation]
  2101 | D:3      | Reached skill level 5 in Long Blades
  2101 | D:3      | Gained mutation: You can fly continuously. [Tengu growth]
  2101 | D:3      | Reached XP level 5. HP: 28/29 MP: 6/6
  2589 | D:3      | Found a faded altar of an unknown god.
  2815 | D:4      | Reached skill level 1 in Stealth
  2890 | D:4      | Reached XP level 6. HP: 14/34 MP: 7/7
  2891 | D:4      | Reached *** piety under Trog
  2971 | D:4      | Found Hipapurch's Weapon Shop.
  2995 | D:4      | Reached skill level 1 in Axes
  3011 | D:4      | Reached XP level 7. HP: 24/38 MP: 8/8
  3094 | D:4      | Found a snail-covered altar of Cheibriados.
  3288 | D:4      | Found an opulent altar of Gozag.
  3326 | D:4      | Noticed Menkaure
  3334 | D:4      | Killed Menkaure
  3545 | D:5      | Entered Level 5 of the Dungeon
  3641 | D:5      | Found Voje's Antique Weapon Boutique.
  3644 | D:5      | Bought a runed falchion for 132 gold pieces
  3668 | D:5      | Found a staircase to the Ecumenical Temple.
  3682 | Temple   | Entered the Ecumenical Temple
  3734 | D:5      | Found a stormy altar of Qazlal.
  3739 | D:5      | Reached XP level 8. HP: 34/43 MP: 9/9
  4151 | D:5      | Found a blossoming altar of Fedhas.
  4162 | D:5      | Noticed an oklob plant
  4652 | D:6      | Noticed Duvessa
  4652 | D:6      | Noticed Dowan
  4661 | D:6      | Killed Duvessa
  4661 | D:6      | Reached skill level 5 in Axes
  4661 | D:6      | Killed Dowan
  4666 | D:6      | Noticed Sigmund
  4672 | D:6      | Killed Sigmund
  4672 | D:6      | Reached **** piety under Trog
  4672 | D:6      | Reached skill level 5 in Fighting
  4691 | D:6      | HP: 1/44 [orc (4)]
  5207 | D:7      | Upgraded the game from 0.23.0 to 0.23.0-41-g86b089e62c
  5227 | D:7      | Noticed a hippogriff
  5241 | D:6      | Slain by a hippogriff

Skill      XL: |  1  2  3  4  5  6  7  8 |
---------------+-------------------------+-----
Long Blades    | 4 5 6 |  6.4
Armour         | 3 4 |  4.6
Stealth        | 1 3 |  3.1
Fighting       | 4 5 |  5.1
Axes           | 1 3 6 |  6.7
Dodging        | 3 4 |  4.5

Action                   |  1- 3 |  4- 6 |  7- 9 || total
-------------------------+-------+-------+-------++-------
Melee: Falchion          |    66 |   103 |       ||   169
       Peck              |     9 |    23 |    19 ||    51
       Kick              |    14 |    34 |    34 ||    82
       Hand axe          |       |    33 |   129 ||   162
Throw: Stone             |     3 |       |     4 ||     7
Invok: Trog's Hand       |     1 |     2 |     3 ||     6
       Berserk           |       |     4 |     3 ||     7
  Use: Scroll            |     3 |     6 |     4 ||    13
       Potion            |       |     4 |       ||     4
 Stab: Sleeping          |       |     1 |     1 ||     2
       Distracted        |       |     1 |     1 ||     2
  Eat: Chunk             |     1 |     8 |     7 ||    16
       Ration            |       |     1 |     1 ||     2
Armor: Leather armour    |    27 |    15 |       ||    42
       Scale mail        |       |    33 |     5 ||    38
       Animal skin       |       |       |    27 ||    27
Dodge: Dodged            |    32 |    86 |   117 ||   235
       Rpst.: Falchion   |     9 |    22 |       ||    31
